[Event "Dutch Open 2022"]
[Site "Dieren"]
[Date "2022.07.28"]
[Round "3.1"]
[White "Sekar, B."]
[Black "Lahaye, Rick"]
[Result "0-1"]
[ECO "B51"]
[WhiteElo "2241"]
[BlackElo "2417"]
[Annotator "TA"]
[PlyCount "52"]
[EventDate "2022.07.14"]
[EventType "swiss"]
[EventCountry "NED"]
[SourceTitle "playchess.com"]
[Source "ChessBase"]
[SourceQuality "1"]
[TimeControl "40/5400+30:1800+30"]

1. e4 c5 2. Nf3 d6 3. Bb5+ Nd7 4. Ba4 Ngf6 5. O-O a6 6. c4 {[%emt 0:02:41] Inhibits b5. B51: Sicilian: Moscow Variation (3 Bb5+) without 3...Bd7.} e6 7. Nc3 Be7 8. d3 {[%emt 0:03:05] The position is equal.} O-O 9. h3 b6 {[%emt 0:14:51] [#]} 10. Bf4 $146 ({Predecessor:} 10. Qe2 Bb7 11. Rb1 Qc7 {½-½ (11) Shubin,K (2475)-Chigaev,M (2631) Obninsk 2022}) 10... Bb7 11. Qe2 Ne8 12. a3 Bf6 13. Rab1 Qe7 14. Rfc1 Nc7 15. b4 b5 (15... Rab8 $14) 16. cxb5 $16 axb5 17. Nxb5 Nxb5 18. Bxb5 Rxa3 19. bxc5 (19. Bxd7 $16 {[%cal Ob4c5] aiming for bxc5!} Qxd7 20. bxc5 dxc5 21. Be5 (21. Rxc5 Ba6 $11) 21... Bxe5 22. Nxe5) 19... Nxc5 $11 20. e5 dxe5 21. Nxe5 Nb3 22. Rd1 Nd4 23. Qb2 (23. Qe3 $15 Rd8 24. Bc4) 23... Bxe5 {[%emt 0:02:11] Black is more active.} ({Don't play} 23... Nxb5 $6 24. Qxb5 Bxe5 25. Qxe5 $11) (23... Qd6 $17 24. Bc4 Bxg2 25. Kxg2 Ra5) 24. Bxe5 Qg5 25. Bg3 $2 {[%emt 0:02:36][%mdl 8192] [#]} (25. f4 $11 {and White has nothing to worry.} Nf3+ 26. Kf1 Nh2+ 27. Kg1) 25... Qd5 $1 $19 26. f3 Rb3 {[%emt 0:00:05] Weighted Error Value: White=0.46/Black=0.15 (very precise)} ({Not} 26... Nxb5 27. Qxb5 Qxb5 28. Rxb5 $11) 0-1

[Event "Dutch Open 2022"]
[Site "Dieren"]
[Date "2022.07.28"]
[Round "3.2"]
[White "Elgersma, Onno"]
[Black "Grutter, Tim"]
[Result "1/2-1/2"]
[ECO "E60"]
[WhiteElo "2316"]
[BlackElo "2246"]
[Annotator "TA"]
[PlyCount "127"]
[EventDate "2022.07.14"]
[EventType "swiss"]
[EventCountry "NED"]
[SourceTitle "playchess.com"]
[Source "ChessBase"]
[SourceQuality "1"]
[TimeControl "40/5400+30:1800+30"]

1. Nf3 Nf6 2. d4 g6 3. e3 Bg7 4. b3 O-O 5. Bb2 d6 6. Be2 Bf5 7. O-O c5 8. c4 Nc6 9. d5 Nb4 10. a3 {[%emt 0:07:31] [#] E60: King's Indian: Unusual lines and Fianchetto Variation without Nc3.} Bc2 $146 ({Predecessor:} 10... Na6 11. Bd3 Qd7 12. Re1 Bxd3 13. Qxd3 Nc7 14. e4 b5 15. Nbd2 Rfb8 16. Bc3 a5 17. e5 Nh5 18. exd6 exd6 19. Bxg7 Kxg7 {1-0 (66) Valderrama Quiceno,E (2447)-Rivera,I (2197) Cartagena 2019}) 11. Qd2 Bxb1 (11... Ne4 $2 12. Qc1 $18) 12. Raxb1 {[%emt 0:05:28] White is better.} (12. Rfxb1 {seems wilder.} Ne4 13. Qc1 Na6 14. Bxg7 Kxg7 15. Bd3) 12... Na6 13. Qc2 Rb8 14. e4 Nc7 15. b4 Nd7 16. Bxg7 Kxg7 17. Rb2 {[%emt 0:00:45] White is more active.} (17. Qc3+ $16 f6 18. Nd2) 17... f6 18. Rfb1 b6 19. h3 e5 20. dxe6 (20. Nd2 $16) 20... Nxe6 $11 21. bxc5 dxc5 22. Rd1 Qc7 23. Qa4 Rbd8 24. Rbd2 Nb8 25. Bf1 Nc6 26. Rd5 Nf4 27. R5d2 Rxd2 28. Rxd2 Rd8 29. Rxd8 Nxd8 30. Qe8 Nfe6 31. h4 Qf7 (31... Qd6 {feels hotter.} 32. g3 Nd4 33. Kg2 Nf7) 32. Qa4 Nd4 33. Nd2 (33. Nxd4 $11 cxd4 34. Qb5) 33... N8e6 34. Nb1 Nf8 {[%emt 0:04:32] Pair of Knights!} (34... g5 $15) 35. Nc3 Qd7 36. Qd1 Nfe6 37. Nd5 Nc7 (37... Nd8 {looks sharper.} 38. f4 N8c6 39. h5 Ne7) 38. Ne3 Qc6 39. Qd3 Qa4 40. Nf5+ {[%emt 0:00:40] The position is equal.} gxf5 41. Qg3+ Kf8 $1 {[%emt 0:05:34] [#] White must now prevent ...Ne8.} (41... Kh6 42. Qf4+ Kg7 43. Qxc7+ Kf8 44. exf5 $16 (44. Qxh7 Qd1 $11)) 42. Qxc7 {[%emt 0:00:00][%mdl 4096] Endgame KQB-KQN} Qd1 43. Qd8+ Kf7 $1 ({Don't do} 43... Kg7 44. Qe7+ Kg8 45. exf5 $16) 44. Qd7+ Kf8 $1 {[%emt 0:00:11] Hoping for ...Ne2+.} 45. Qd6+ Kf7 {[%emt 0:00:40] [#] aiming for ...Ne2+.} ({Resist} 45... Kg7 46. Qe7+ Kg8 47. Qe8+ (47. exf5 Qb1 $16) 47... Kg7 48. Qe7+ Kg8 49. exf5 $16) 46. Qc7+ Kf8 47. Qb8+ Kf7 48. Qxa7+ Kg8 {[%emt 0:02:51] ...Ne2+ is the strong threat.} 49. Qb8+ Kf7 50. Qc7+ Ke8 51. Qc8+ Ke7 52. Qb7+ Ke8 53. g3 {[%emt 0:04:01] Strongly threatening exf5.} Nf3+ 54. Kg2 Nd2 55. Qc8+ Ke7 56. Qc7+ Ke8 57. Qc6+ Ke7 58. Qb7+ Ke8 59. Qa8+ Ke7 60. Qb7+ Ke8 61. Qc8+ Ke7 62. Qc7+ Ke8 63. Qc8+ Ke7 64. Qc7+ {[%emt 0:00:05] Weighted Error Value: White=0.10 (very precise) /Black=0.06 (flawless)} 1/2-1/2

[Event "Dutch Open 2022"]
[Site "Dieren"]
[Date "2022.07.28"]
[Round "3.3"]
[White "Van Roon, Sjoerd"]
[Black "Domalchuk-Jonasson, Aleksandr"]
[Result "1-0"]
[ECO "C13"]
[WhiteElo "2310"]
[BlackElo "2244"]
[Annotator "TA"]
[PlyCount "99"]
[EventDate "2022.07.14"]
[EventType "swiss"]
[EventCountry "NED"]
[SourceTitle "playchess.com"]
[Source "ChessBase"]
[SourceQuality "1"]
[TimeControl "40/5400+30:1800+30"]

1. e4 e6 2. d4 d5 3. Nc3 Nf6 4. Bg5 dxe4 5. Bxf6 gxf6 6. Nxe4 f5 7. Ng3 $1 {[%emt 0:01:36] The main line 7.Ng3 scores better than 7.Nc3.} c5 {[%emt 0:01:32] C13: French: Classical System: 4 Bg5 Be7, Alekhine-Chatard Attack.} 8. dxc5 Qxd1+ (8... Nc6 {is more complex.} 9. c3 Bxc5 10. Nf3 h5) 9. Rxd1 Bxc5 {[%emt 0:00:26] Black has an edge.} 10. Nf3 Nc6 11. Bb5 Bd7 12. Nh5 {[%emt 0:00:37] [#] Threatens to win with Nf6+.} Ke7 {[%emt 0:07:51] [#] Prevents Nf6.} 13. c3 $146 (13. Nf6 $11 Kxf6 14. Rxd7) ({Predecessor:} 13. Nf6 Bc8 14. Nh5 f6 15. O-O Ne5 16. Nd4 a6 17. Be2 Bd7 18. Nf4 Ng6 19. Nh5 {0-1 (28) Quinn,R (2121)-Short,P (2294) Bunratty 2015}) 13... a6 14. Bd3 f6 15. Bc2 Ne5 16. Nd4 Rhg8 17. Nf4 Nc6 18. Ndxe6 Bxe6 19. Nxe6 Kxe6 20. Bb3+ Ke7 21. Bxg8 Rxg8 22. g3 f4 23. Ke2 Ne5 ({Better is} 23... Bd6 $11) 24. gxf4 $14 Ng6 25. f5 Nf4+ (25... Ne5 $14) 26. Kf3 $16 Nh3 $2 {[%emt 0:00:37] Black cannot hold the game after this.} (26... Bd6 $16) 27. Rhe1+ $18 Kf8 28. Rd8+ Kg7 29. Rxg8+ Kxg8 30. Re8+ Kg7 31. Rb8 b5 32. Ra8 Ng5+ 33. Ke2 Nf7 34. Rxa6 h5 (34... Be7 $142 35. b3 Bc5) 35. b4 Bf8 36. Ra7 Kg8 37. Kd3 Nd6 38. Kd4 h4 39. h3 Bh6 (39... Nxf5+ $142 40. Kd5 Ne7+ 41. Ke6 Ng6) 40. a4 bxa4 41. c4 {[%emt 0:30:35][%cal Bc3c4,Bc4c5][%mdl 32] [#] b5 is the strong threat.} Bd2 42. b5 Be1 43. Kd5 Nxf5 44. b6 {[%emt 0:00:00] b7 would kill now.} Bxf2 45. c5 Kf8 46. b7 Ne7+ 47. Ke6 {[%emt 0:00:00] White mates.} Nc6 48. Ra8+ Kg7 49. Rc8 Nd4+ 50. Kd5 {[%emt 0:00:00] Weighted Error Value: White=0.10 (very precise) /Black=0.56} 1-0

[Event "Dutch Open 2022"]
[Site "Dieren"]
[Date "2022.07.28"]
[Round "3.4"]
[White "Gilmanov, Mansur"]
[Black "Van Baar, Esper"]
[Result "0-1"]
[ECO "E04"]
[WhiteElo "2377"]
[BlackElo "2281"]
[Annotator "TA"]
[PlyCount "114"]
[EventDate "2022.07.14"]
[EventType "swiss"]
[EventCountry "NED"]
[SourceTitle "playchess.com"]
[Source "ChessBase"]
[SourceQuality "1"]
[TimeControl "40/5400+30:1800+30"]

1. d4 Nf6 2. c4 e6 3. g3 d5 4. Nf3 dxc4 5. Bg2 c6 6. O-O b5 7. Ne5 {[%emt 0:04:54] E04: Open Catalan: 5 Nf3.} Bb7 8. b3 cxb3 $1 9. axb3 {[%emt 0:00:36] The position is equal.} Bd6 10. Nc3 {[%emt 0:06:00] Black should prevent Nxb5.} a6 11. Qc2 Qc7 {[%emt 0:07:44] [#]} 12. Ne4 $146 {[%emt 0:17:55] Inhibits c5.} ({Predecessor:} 12. Nd3 Nbd7 13. Ne4 Nxe4 14. Bxe4 Rc8 15. b4 O-O 16. Bb2 h6 17. Rfc1 Nb6 18. Nc5 {1-0 (50) Korchmar,V (2415)-Etxagibel Larranaga,A (2134) Riga 2018}) 12... Nxe4 13. Qxe4 O-O 14. Ba3 Bxa3 15. Rxa3 Ra7 16. Qe3 Qd6 {[%emt 0:15:27] Against d5} 17. Ra2 Rd8 18. Rc1 (18. Raa1 $11) 18... Qxd4 $17 19. Qxd4 Rxd4 20. Bxc6 Nxc6 21. Nxc6 Bxc6 22. Rxc6 {[%emt 0:00:03] [#] White wants to mate with Rc8+.} g6 23. Raxa6 Rxa6 24. Rxa6 $15 {[%emt 0:00:02][%mdl 4096] Endgame KR-KR} Rd1+ $1 25. Kg2 Rb1 26. Rb6 Rxb3 27. e3 (27. h4 $142) 27... g5 28. g4 Kg7 29. Kf3 (29. Kg3 $17) 29... Kf6 (29... Rb2 $19 30. Kg3 b4) 30. Rb7 (30. Kg3 $17 {was necessary.}) 30... Rb2 $19 31. Kg3 b4 32. Kf3 b3 33. h3 h6 34. Kg3 Rb1 35. Kf3 Ke5 {[%emt 0:02:38] And now ...Kd5 would win.} 36. Ke2 $2 (36. Rxf7 Rb2 37. Rb7) 36... f6 37. Rb5+ Kd6 38. Rb8 (38. Kd3 {was forced.}) 38... Kc5 39. Kd3 Rb2 40. Rc8+ Kb4 41. Rb8+ {[%emt 0:30:09] [#]} Kc5 (41... Ka4 $142 $1 42. f4 gxf4 43. exf4 Rf2) 42. Rc8+ $1 Kd6 43. Rb8 (43. f3 {might work better.} Rf2 44. Ke4) 43... Rxf2 44. Rxb3 Rh2 45. Rb6+ Ke7 46. Rb7+ Kf8 47. Rh7 Rxh3 {[%emt 0:00:18] aiming for ...Rh4.} 48. Ke4 Rg3 49. Rxh6 Kg7 50. Rh1 Rxg4+ 51. Kf3 Ra4 52. Rb1 f5 {[%emt 0:00:46] ...g4+ is the strong threat.} 53. Rb5 Kf6 (53... g4+ $142 54. Kf2 Ra2+ 55. Kf1 g3) 54. Rc5 g4+ 55. Kg3 Ra3 56. Kf2 Ra2+ 57. Kg3 Re2 {[%emt 0:00:50] Weighted Error Value: White=0.91/Black=0.27 (precise)} 0-1

[Event "Dutch Open 2022"]
[Site "Dieren"]
[Date "2022.07.28"]
[Round "3.5"]
[White "Baselmans, Sam"]
[Black "Binnendijk, Ferdinand"]
[Result "1/2-1/2"]
[ECO "C55"]
[WhiteElo "2182"]
[BlackElo "2147"]
[Annotator "TA"]
[PlyCount "81"]
[EventDate "2022.07.14"]
[EventType "swiss"]
[EventCountry "NED"]
[SourceTitle "playchess.com"]
[Source "ChessBase"]
[SourceQuality "1"]
[TimeControl "40/5400+30:1800+30"]

1. e4 e5 2. Nf3 Nc6 3. Bc4 Nf6 4. d3 Be7 5. O-O O-O 6. Re1 d6 7. a3 Na5 {[%emt 0:01:36] C55: Two Knights: 4 d3, 4 d4 exd4 5 e5 and Max Lange Attack.} 8. Ba2 c5 9. Nbd2 {[%emt 0:05:02] [#]} b5 $146 {[%emt 0:06:24] White has an edge.} ({Predecessor:} 9... h6 10. Nf1 Re8 11. Ng3 Bf8 12. c3 Nc6 13. h3 Be6 14. d4 Bxa2 15. Rxa2 cxd4 16. cxd4 exd4 17. Nxd4 {½-½ (49) Casante,T (1556)-Ramillo,V (1842) Sao Paulo 2018}) 10. c3 Nc6 11. Nf1 h6 12. Ne3 (12. Nh4 {feels hotter.} Re8 13. Ng6 Rb8 14. Qf3) 12... Rb8 13. Nd5 Nxd5 14. Bxd5 (14. exd5 $14 {deserves consideration.} Na5 15. b4) 14... Qc7 $11 15. Be3 Be6 16. b4 Bxd5 17. exd5 Nd8 18. bxc5 {[%emt 0:01:58] White is more active.} dxc5 19. Nxe5 Qxe5 {[%emt 0:03:12] [#]} 20. Bxc5 Qxe1+ (20... Qxd5 21. Bxe7) 21. Qxe1 Bxc5 22. d4 $2 (22. a4 $14) 22... Bd6 $2 (22... Bb6 $1 $17 23. a4 Nb7) 23. a4 $14 {[%emt 0:02:48][%mdl 1024] White has compensation.} b4 24. c4 Nb7 (24... b3 25. Qc3 $18 (25. c5 Nb7 $16)) 25. g3 Rfe8 (25... Rfc8 $11 {remains equal.} 26. Qf1 (26. c5 Nxc5 27. dxc5 Rxc5 $14) 26... Be7) 26. Qd2 Na5 {[%emt 0:03:24] And now ...Nb3 would win.} 27. Qd3 {[%emt 0:03:07] Against Nb3} ({Avoid the trap} 27. c5 $2 Nb3 28. Qd1 Nxa1 29. Qxa1 b3 $1 $19) 27... Nxc4 28. Qxc4 b3 {[%emt 0:00:11] aiming for ...Rec8.} 29. Rb1 b2 (29... Rec8 $16 {was worth a try.} 30. Qa6 Ba3) 30. Qc6 $4 {[%emt 0:08:33][%mdl 8192] [#]} (30. Qa6 $18 {and life is good for White.} Bf8 31. d6 (31. Qxa7 Rec8 $16)) 30... Red8 (30... Rbc8 $1 $19 31. Qb5 Rc1+ 32. Kg2 Rb8) 31. Kg2 ({Better is} 31. Qa6 $16) 31... Rb6 $2 (31... Rbc8 $1 $11 32. Qb7 Ba3) 32. Qc3 Rdb8 33. h4 Rb3 (33... a5 $16 {keeps fighting.}) 34. Qc6 $18 Be7 (34... R3b6 $142 35. Qd7 a5) 35. a5 Bf6 36. Qc5 a6 37. d6 R3b5 38. Qa7 Bd8 39. Qxa6 {[%emt 0:01:58] Threatens to win with d7.} Bxa5 40. Rxb2 $2 Rxb2 $11 41. Qxa5 {[%emt 0:30:11] Weighted Error Value: White=0.52/Black=0.58} 1/2-1/2

[Event "Dutch Open 2022"]
[Site "Dieren"]
[Date "2022.07.28"]
[Round "3.6"]
[White "Omelja, Artem"]
[Black "De Winter, Arthur"]
[Result "0-1"]
[ECO "E94"]
[WhiteElo "2478"]
[BlackElo "2150"]
[Annotator "TA"]
[PlyCount "90"]
[EventDate "2022.07.14"]
[EventType "swiss"]
[EventCountry "NED"]
[SourceTitle "playchess.com"]
[Source "ChessBase"]
[SourceQuality "1"]
[TimeControl "40/5400+30:1800+30"]

1. Nf3 Nf6 2. c4 g6 3. Nc3 Bg7 4. e4 d6 5. d4 O-O 6. Be2 e5 7. O-O exd4 8. Nxd4 Re8 9. f3 c6 10. Kh1 d5 {[%emt 0:00:12] 10...Nh5 is vanishing.} 11. cxd5 {[%emt 0:03:33] E94: King's Indian: Classical: 6 Be2 e5 7 0-0: Various Black 7th moves.} cxd5 12. Bg5 Nc6 {[%emt 0:00:02] [#]} 13. Nxc6 ({White should play} 13. Bb5 $1 $16 Qd6 14. exd5 Nxd4 15. Qxd4 (15. Bxf6 Nxb5 16. Bxg7 Bd7 $16)) 13... bxc6 $11 14. exd5 cxd5 15. Bb5 {[%emt 0:00:27] Threatens to win with Bxf6.} Re5 16. f4 Re6 {[%emt 0:00:44] [#]} 17. Bc4 $146 (17. f5 $5 Re5 18. Bc6 Bxf5 19. Bxf6 Bxf6 20. Bxa8 Qxa8 21. Qf3 $14) ({Predecessor:} 17. f5 Re5 18. Bxf6 Bxf6 19. fxg6 hxg6 20. Bc6 Rb8 21. Bxd5 Rxb2 22. Bxf7+ Kg7 23. Qxd8 Bxd8 {0-1 (31) Barseghyan,A (2358)-Harutjunyan,G (2415) Cheliabinsk 2022}) 17... Bb7 18. Bb3 Rd6 19. f5 $1 d4 20. Ne2 Qa5 $36 {[%emt 0:10:28][%mdl 2048] Black fights for an advantage.} 21. Bd2 ({But not} 21. Nxd4 Rad8 22. Be3 Qb6 23. fxg6 hxg6 $17) 21... Qb6 22. fxg6 hxg6 23. Nf4 Be4 24. Qe1 Bf5 {[%emt 0:13:01] Black is more active.} 25. Ba5 Qa6 26. Qb4 (26. Rc1 $142) 26... Bf8 (26... Rc8 $17 {And now ...d3 would win.} 27. Qa4 d3) 27. Bc4 $15 Qc8 {[%emt 0:01:20] Hoping for ...Rb8.} 28. Rac1 {[%emt 0:01:13][%cal Oc4f7] [#] aiming for Bxf7+!} Qe8 (28... Rc6 $5 29. Qa4 Be4 $15) 29. Qe1 Qxe1 30. Rcxe1 Rc8 31. Bd3 Bxd3 32. Nxd3 Nd5 33. Rc1 Rdc6 34. Rxc6 Rxc6 35. Kg1 ({White should try} 35. Bd2 $11) 35... Bh6 36. g3 (36. Kf2 $142) 36... Rc2 $17 37. Be1 (37. Re1 $17) 37... Be3+ $19 38. Kh1 f5 39. h4 $2 (39. h3 {is a better defense.}) 39... Nf6 {[%emt 0:00:41] Strongly threatening ...Ng4. Black is clearly winning.} 40. Bf2 (40. Ne5 $142) 40... Rd2 41. Bxe3 dxe3 42. Nf4 e2 43. Re1 (43. Rg1 $142 Ng4 44. Ng2) 43... Rd1 44. Ng2 Ng4 {[%emt 0:00:00] ...Ne5 is the strong threat.} 45. Kg1 Kf7 {[%emt 0:00:00] Weighted Error Value: White=0.57/Black=0.13 (very precise)} 0-1

[Event "Dutch Open 2022"]
[Site "Dieren"]
[Date "2022.07.28"]
[Round "3.7"]
[White "Zwirs, Jasper"]
[Black "Burdalev, Kirill"]
[Result "1/2-1/2"]
[ECO "C01"]
[WhiteElo "2105"]
[BlackElo "2381"]
[Annotator "TA"]
[PlyCount "63"]
[EventDate "2022.07.14"]
[EventType "swiss"]
[EventCountry "NED"]
[SourceTitle "playchess.com"]
[Source "ChessBase"]
[SourceQuality "1"]
[TimeControl "40/5400+30:1800+30"]

1. e4 e6 2. d4 d5 3. Nc3 Bb4 4. exd5 exd5 5. Bd3 Nc6 6. a3 Ba5 7. Nge2 Nge7 8. O-O O-O 9. Be3 {[%emt 0:14:41] C01: French: Exchange Variation.} Bf5 (9... Nf5 {keeps more tension.} 10. Na4 Nxe3 11. fxe3 Qg5) 10. b4 Bb6 11. Na4 {[%emt 0:00:00] [#] The position is equal.} Re8 $146 ({Predecessor:} 11... Bxd3 12. Qxd3 Qd7 13. Ng3 f5 14. f4 Nc8 15. Nc5 Bxc5 16. dxc5 a6 17. Rad1 N8e7 {1-0 (45) Wettengel,A (2105)-Ruff,R (1871) Ditzingen 2016}) 12. Ng3 Bg6 13. c3 Nc8 14. Nb2 Nd6 15. Bf4 Ne4 16. Nxe4 dxe4 17. Bb5 Qf6 18. Bxc6 Qxc6 19. c4 $1 {[%emt 0:00:00][%cal Bc3c4,Bc4c5][%mdl 32] [#] Black must now prevent c5.} a6 20. c5 Ba7 21. Qb3 Rad8 22. Rad1 Rd5 {[%emt 0:08:39] [#]} (22... Bb8 $14) 23. Bxc7 $1 $16 Bh5 (23... Qd7 24. Bd6) 24. Rd2 Bg4 (24... f6 {was called for.}) 25. Bg3 Be6 26. Qa4 Bd7 27. Qxc6 Bxc6 28. Nc4 Red8 29. Nd6 (29. Rfd1 $18) 29... f5 (29... Bb8 $14 {deserves consideration.}) 30. Be5 Bb8 31. Rfd1 {[%emt 0:01:01] White is much more active.} (31. Rc2 $16) 31... Bxd6 $14 32. cxd6 {[%emt 0:03:28] Weighted Error Value: White=0.18 (very precise) /Black=0.19 (very precise)} 1/2-1/2

[Event "Dutch Open 2022"]
[Site "Dieren"]
[Date "2022.07.28"]
[Round "3.8"]
[White "Bus, Tom"]
[Black "Maatman, Nick"]
[Result "1-0"]
[ECO "E05"]
[WhiteElo "2102"]
[BlackElo "2368"]
[Annotator "TA"]
[PlyCount "87"]
[EventDate "2022.07.14"]
[EventType "swiss"]
[EventCountry "NED"]
[SourceTitle "playchess.com"]
[Source "ChessBase"]
[SourceQuality "1"]
[TimeControl "40/5400+30:1800+30"]

1. Nf3 d5 2. g3 Nf6 3. Bg2 e6 4. O-O Be7 5. d4 O-O 6. c4 dxc4 7. Qc2 b5 8. a4 {[%emt 0:01:08] E05: Open Catalan: 5 Nf3 Be7.} b4 9. Nfd2 c6 10. Nxc4 {[%emt 0:01:17] The position is equal.} Qxd4 11. Rd1 Qc5 12. Be3 Qh5 13. Nbd2 e5 {[%emt 0:03:29] Inhibits Bd4.} (13... Ng4 $5 ) 14. Nf1 (14. Ne4 $14) 14... Bf5 $15 {[%emt 0:12:40] [#]} 15. Qb3 $146 ({Predecessor:} 15. Qc1 Be6 16. Bf3 Qf5 17. Nd6 Bxd6 18. Rxd6 Bd5 19. Qc5 a5 20. Bxd5 cxd5 21. Rc1 {1-0 (60) Palozza,C (2284)-Pisacane,P (2138) Acqui Terme 2022}) 15... Qxe2 {[%emt 0:09:37] And now ...Bc2 would win.} 16. Rd2 {[%emt 0:03:50] Inhibits Bc2.} Qh5 17. Nxe5 Be6 18. Nc4 Nbd7 $1 {[%emt 0:02:54] ...Ne5 is the strong threat.} 19. Qc2 b3 20. Qc1 Nd5 (20... Bd5 $17 21. Rd1 Rfe8) 21. a5 Nb4 {[%emt 0:06:16] aiming for ...Nc2.} 22. a6 ({Better is} 22. Qd1 $15 Qxd1 23. Raxd1) 22... Ne5 (22... Nc2 $142 $1 23. Ra5 Qg4) 23. Nxe5 $17 Qxe5 24. Bd4 Qb5 (24... Qh5 $17 25. Qd1 Qxd1 26. Raxd1 Rad8) 25. Qc3 $1 $11 Nc2 26. Rxc2 (26. Bxc6 $11 Bb4 27. Qxc2 (27. Bxb5 Bxc3 28. Rxc2 Bxd4 $15) 27... bxc2 28. Bxb5 Bxd2 29. Nxd2) 26... bxc2 $17 27. Bxg7 (27. Ne3 $17) 27... Rfd8 $2 (27... Bb4 $19 28. Qf6 Qf5) 28. Bh6 $15 f6 {[%emt 0:02:23] Strongly threatening ...Qb3.} 29. Qxc2 Rab8 (29... Bf8 $11 {keeps the balance.} 30. Bxf8 Rxf8) 30. Be4 (30. Re1 $16 Bb3 31. Qe4) 30... Qxb2 $2 {[%emt 0:01:55][%mdl 8192] [#]} (30... f5 $11 {and Black has nothing to worry.} 31. Bf3 Bf6) 31. Qxc6 $1 Rd6 (31... Rb6 32. Qc7) 32. Qc7 {[%emt 0:00:14][%cal Oc7e7] Dancing on a razor blade.} Rd7 $36 {[%emt 0:00:06][%mdl 2048] Black is pushing.} 33. Qf4 (33. Qc6 $11 Rb6 34. Qa8+ Rb8 35. Qc6) 33... Qxa1 (33... Bd6 $17 34. Qc1 Be5 35. Qxb2 Rxb2) 34. Qxb8+ $11 Rd8 35. Qxa7 (35. Qc7 $11 Qa3 36. Be3) 35... Rd1 $2 ({Black should play} 35... Bc4 $19 36. Bg2 Rd1 $1) 36. Bg2 (36. Qxe7 {leads to mate.} Rxf1+ 37. Kg2 Rg1+ 38. Kf3 Qd1+ 39. Kf4 Qg4+ 40. Ke3 Re1+ 41. Kd4 Qxe4+ 42. Kc5 Qc4+ 43. Kb6 Rb1+ 44. Ka7 Qd4+ 45. Ka8 Bd5+) (36. Qb8+ $14 {keeps the upper hand.} Kf7 37. Qb5) 36... Bc4 $19 37. h4 Rxf1+ (37... Kf7 38. Bf3 Rxf1+ 39. Kg2 Qxa6 40. Bh5+ Ke6 41. Qe3+ Kd7 42. Bg4+ Ke8 43. Bh5+ Kd7 44. Bg4+ f5 45. Qd4+ Ke6 46. Qe4+ Kf7 47. Bh5+ Kg8 48. Qd4 Qc6+ 49. Bf3 $15) 38. Kh2 {[%emt 0:00:01] [#]} Re1 (38... Kf7 $1 $19 39. Bxf1 Qxf1) 39. Qb8+ $18 Kf7 40. a7 Bd6 41. Qb7+ Kg6 42. Qg7+ Kf5 43. Qxh7+ Ke6 44. a8=Q {[%emt 0:00:27] Weighted Error Value: White=0.62/Black=0.76} 1-0

[Event "Dutch Open 2022"]
[Site "Dieren"]
[Date "2022.07.28"]
[Round "3.9"]
[White "Ypma, Peter"]
[Black "Kumar, Prajit Sai"]
[Result "1-0"]
[ECO "D00"]
[WhiteElo "2346"]
[BlackElo "2040"]
[Annotator "TA"]
[PlyCount "79"]
[EventDate "2022.07.14"]
[EventType "swiss"]
[EventCountry "NED"]
[SourceTitle "playchess.com"]
[Source "ChessBase"]
[SourceQuality "1"]
[TimeControl "40/5400+30:1800+30"]

1. d4 d5 2. Nc3 Nf6 3. Bf4 a6 4. e3 Bf5 5. Nf3 e6 6. Ne5 {[%emt 0:00:10] D00: 1 d4 d5: Unusual lines.} Nbd7 7. g4 Nxe5 8. gxf5 {[%emt 0:00:09] The position is equal.} Nc6 {[%emt 0:00:23] [#]} 9. Qd3 $146 ({Predecessor:} 9. fxe6 fxe6 10. Bh3 Qd7 11. a3 Bd6 12. Bxd6 cxd6 13. Qf3 O-O 14. Nxd5 Nxd5 15. Qxd5 {1-0 (41) Stefanova,A (2470)-Khotenashvili,B (2476) Hengshui 2019}) 9... Qd7 10. fxe6 fxe6 11. a3 Bd6 12. Bg3 O-O 13. Bg2 Ne7 ({Better is} 13... g6 $11) 14. e4 $14 dxe4 15. Nxe4 Nf5 16. O-O-O Nxe4 17. Bxe4 c6 18. Rhe1 Rad8 19. c3 Kh8 20. Kb1 a5 21. Qe2 b5 22. Bc2 Rfe8 23. Bxd6 Nxd6 24. Qh5 Nf5 25. Re5 Rf8 (25... g6 $142 26. Qg5 b4) 26. Rde1 $40 {[%emt 0:05:54][%mdl 128] White attacks with force. White is more active.} g6 27. Qg5 {[%emt 0:09:12] Black must now prevent Bxf5.} Rde8 28. h4 Ng7 (28... Qf7 {was necessary.} 29. h5 gxh5) 29. h5 $1 $18 Nxh5 {[%emt 0:04:00] [#]} 30. Bxg6 $1 {[%emt 0:01:27][%mdl 576] Demolition} hxg6 31. Qxg6 Nf6 32. Rh1+ Nh7 {[%emt 0:00:04] [#]} 33. Rxh7+ Qxh7 34. Rh5 Qxh5 35. Qxh5+ {[%emt 0:00:18] KQ-KRR} Kg7 36. Qg4+ Kf6 37. Qf3+ Ke7 38. Qxc6 Rxf2 39. d5 {[%emt 0:10:35] Hoping for Qc5+.} ({Don't play} 39. Qxb5 Rf5 40. Qb7+ Kf6) 39... exd5 $2 (39... Rf1+ 40. Ka2 exd5 41. Qxb5 Rff8 42. Qxd5 Ra8) 40. Qc5+ {[%emt 0:00:12] Weighted Error Value: White=0.03 (flawless) /Black=0.18 (very precise)} 1-0